 Dungeon Crawl Stone Soup version 0.23-a0-358-g98c7a59 (webtiles) character file.

1407 namelastname112 the Skirmisher (level 8, -6/73 HPs)
             Began as a Black Draconian Wanderer on Oct 22, 2018.
             Killed by nerve-wracking pain
             ... invoked by Menkaure
              (12 damage)
             ... on level 5 of the Dungeon.
             The game lasted 00:09:42 (5092 turns).

namelastname112 the Skirmisher (DrWn)               Turns: 5092, Time: 00:09:43

Health: -6/73      AC:  7    Str: 17    XL:     8   Next: 42%
Magic:  8/8        EV: 14    Int: 10    God:
Gold:   201        SH:  0    Dex: 13    Spells: 7/7 levels left

rFire    + . .     SeeInvis .   b - +2 whip (flame)
rCold    . . .     Gourm    .   (no shield)
rNeg     . . .     Faith    .   (armour unavailable)
rPois    .         Spirit   .   (helmet restricted)
rElec    +         Reflect  .   v - +0 cloak
rCorr    .         Harm     .   (no gloves)
MR       .....                  (no boots)
Stlth    ++........             (no amulet)
HPRegen  0.22/turn              u - ring of protection from fire
MPRegen  0.11/turn              (no ring)

@: no status effects
A: breathe lightning, unfitting armour, electricity resistance, cold-blooded, AC
+6
a: Breathe Lightning


You were on level 5 of the Dungeon.
You were hungry.

You visited 1 branch of the dungeon, and saw 5 of its levels.

You collected 201 gold pieces.

Inventory:

Hand Weapons
 a - a +2 hand crossbow
 b - a +2 whip of flaming (weapon)
 y - a +0 spear
Missiles
 e - 51 bolts
Armour
 v - a +0 cloak (worn)
Jewellery
 u - a ring of protection from fire (left hand)
Wands
 w - a wand of polymorph (11)
Scrolls
 c - a scroll of enchant weapon {unknown}
 g - 3 scrolls of teleportation
 j - 9 scrolls of identify {unknown}
 l - 3 scrolls of magic mapping {unknown}
 m - 2 scrolls of blinking {unknown}
 n - 6 scrolls of remove curse {unknown}
 o - 3 scrolls of enchant armour {unknown}
 p - a scroll of fear {unknown}
 s - a scroll of immolation {unknown}
Potions
 f - a potion of haste {unknown}
 h - a potion of agility {unknown}
 i - a potion of heal wounds
 k - a potion of brilliance {unknown}
 q - a potion of cancellation {unknown}
 r - a potion of invisibility {unknown}
 t - a potion of might {unknown}
 x - a potion of mutation {unknown}
 z - a potion of curing
Comestibles
 d - 9 rations


   Skills:
 + Level 7.1 Fighting
 + Level 1.9 Polearms
   Level 1.7 Bows
 * Level 6.8 Crossbows
 + Level 4.3 Dodging
 - Level 1.0 Stealth
   Level 1.0 Shields


You had 7 spell levels left.
You didn't know any spells.
Your spell library was empty.

Dungeon Overview and Level Annotations

Branches:
Dungeon (5/15)
 Temple: D:4-7

Altars:
Kikubaaqudgha
Nemelex Xobeh
Ru
Trog
Yredelemnul

Annotations:
D:5 2 transporters, Menkaure, Prince Ribbit


Innate Abilities, Weirdness & Mutations

You can breathe wild blasts of lightning.
Your glossy black scales are hard. (AC +6)
You cannot fit into any form of body armour.
You are resistant to electric shocks. (rElec)
You are cold-blooded and may be slowed by cold attacks.


Message History

Pain shoots through your body!
* * * LOW HITPOINT WARNING * * *
You take 12 damage, and have 21/72 hp.
You hit Menkaure but do no damage.
Menkaure is almost destroyed.
Menkaure hits you!!
* * * LOW HITPOINT WARNING * * *
Menkaure calls on the powers of darkness!
You feel a surge of unholy energy.
You take 18 damage, and have 3/72 hp.
MASSIVE DAMAGE!!
You feel much better.
You have got your breath back.
Menkaure hits you!
* * * LOW HITPOINT WARNING * * *
You regained 3 hp, and now have 6/73 hp.
You hit Menkaure but do no damage.
Menkaure is almost destroyed.
Menkaure casts a spell at you. Pain shoots through your body!
You die...

## .# .# .# #. .# ########
#.###########.# ........
#.............# ########
#..###....##..# # #..#
#.##.##@.# # #..# #.##.##M.# #
#..###.##.##..# #
#......##.##..# ##### #
#.#######.##..#. #...# #
#.#######.##..#.# #...# #
#####.......#.##..#.# #...# #
..........#.#.##..#.#####...##
# #########.#.#.# #.#........#
#


You could see Menkaure.

Vanquished Creatures
  Pikel (D:5)
  A human (D:4)
  2 slaves (D:5)
  An ice beast (D:5)
  A necrophage (D:5)
  An ogre (D:4)
  A howler monkey (D:5)
  2 crimson imps (D:5)
  A hound (D:4)
  3 orc priests (D:3)
  An iguana (D:4)
  2 worker ants (D:5)
  A hound zombie (D:5)
  A hound skeleton (D:3)
  7 gnolls (D:2)
  6 adders
  2 oozes
  2 worms (D:3)
  3 dart slugs
  3 leopard geckos
  15 orcs
  3 giant cockroaches
  7 goblins
  5 hobgoblins
  2 jackals (D:2)
  A quokka (D:2)
  6 ball pythons
  8 bats
  3 frilled lizards
  A jackal zombie (D:4)
  3 kobolds
  A kobold zombie (D:4)
  8 rats
105 creatures vanquished.

Notes
Turn   | Place    | Note
-------+----------+-------------------------------------------
     0 | D:1      | namelastname112 the Draconian Wanderer began the quest for
                  | the Orb.
     0 | D:1      | namelastname112 set off with: a +2 hand crossbow, 25 bolts,
                  | 2 potions of curing, a ration
     0 | D:1      | Reached XP level 1. HP: 22/22 MP: 1/1
    57 | D:1      | Reached XP level 2. HP: 20/28 MP: 2/2
   813 | D:1      | Reached skill level 1 in Dodging
   813 | D:1      | Reached XP level 3. HP: 27/34 MP: 3/3
  1101 | D:2      | Found a sparkling altar of Nemelex Xobeh.
  1220 | D:2      | Reached XP level 4. HP: 38/41 MP: 4/4
  1245 | D:2      | Found a sacrificial altar of Ru.
  1290 | D:2      | Reached skill level 5 in Fighting
  2086 | D:3      | Reached XP level 5. HP: 47/48 MP: 5/5
  2673 | D:3      | Reached XP level 6. HP: 44/56 MP: 6/6
  3124 | D:4      | Found an ancient bone altar of Kikubaaqudgha.
  3432 | D:4      | Found a runed door.
  3432 | D:4      | Noticed a human
  3437 | D:4      | Found a basalt altar of Yredelemnul.
  3484 | D:4      | Killed a human
  3484 | D:4      | Reached skill level 6 in Fighting
  3484 | D:4      | Reached skill level 5 in Crossbows
  3484 | D:4      | Your scales start taking on a glossy black colour.
  3484 | D:4      | Reached XP level 7. HP: 52/63 MP: 7/7
  3484 | D:4      | Gained mutation: You are resistant to electric shocks.
                  | (rElec) [Black Draconian growth]
  3769 | D:5      | Entered Level 5 of the Dungeon
  3810 | D:5      | Found a transporter.
  3946 | D:5      | Noticed Prince Ribbit
  4434 | D:5      | Found a transporter.
  4751 | D:5      | Noticed Pikel
  4788 | D:5      | Killed Pikel
  4788 | D:5      | Reached skill level 7 in Fighting
  4788 | D:5      | Reached skill level 1 in Polearms
  4788 | D:5      | Reached XP level 8. HP: 22/72 MP: 8/8
  5026 | D:5      | Found a bloodstained altar of Trog.
  5082 | D:5      | Noticed Menkaure
  5090 | D:5      | HP: 3/72 [Menkaure (19)]
  5092 | D:5      | Killed from afar by Menkaure

Vault maps used:
D:1:      sevenhm_arrival_forest_fort_small_4, minmay_tree_intersection,
          minmay_cupped
D:2:      lemuel_doored_altar, serial_rivers, chequers_serial_rivers_marsh,
          chequers_serial_rivers_micro_b, chequers_serial_rivers_large_b,
          chequers_serial_rivers_micro_e, chequers_serial_rivers_micro_d,
          nemelex_xobeh_ov_fountains_minmay
D:3:      first_ration
D:4:      kiku_gazebo_garden_becter, dk_yredelemnul_ordeal
D:5:      gammafunk_wand_slinger, bloody_trog, uniq_menkaure,
          uniq_prince_ribbit1, uniq_pikel

Skill      XL: |  1  2  3  4  5  6  7 |
---------------+----------------------+-----
Crossbows      | 2 3 4 5 6 |  6.8
Dodging        | 1 2 3 4 |  4.3
Fighting       | 5 6 7 |  7.1
Polearms       | 1 |  1.9
Bows           | |  1.7
Stealth        | |  1.0
Shields        | |  1.0

Action                   |  1- 3 |  4- 6 |  7- 9 || total
-------------------------+-------+-------+-------++-------
Melee: Dagger            |    84 |    72 |    44 ||   200
       Tailslap          |    11 |    10 |    13 ||    34
       Spear             |       |       |     9 ||     9
       Whip              |       |       |     5 ||     5
 Fire: Hand crossbow     |    34 |   115 |    71 ||   220
 Abil: Breathe Lightning |       |       |     4 ||     4
  Use: Potion            |       |       |     4 ||     4
       Scroll            |       |       |     2 ||     2
  Eat: Chunk             |     1 |     7 |     2 ||    10
       Ration            |       |       |     1 ||     1
Armor: Skin              |    38 |    29 |    24 ||    91
Dodge: Dodged            |    69 |    63 |    66 ||   198

Table legend:
 A = Non-vault XP
 B = Vault XP
 C = Vault XP percentage of total XP
 D = Non-vault monster count
 E = Vault monster count
 F = Vault count percentage of total count
                 A         B        C        D         E       F
            +---------+---------+-------+---------+---------+-------
      Total |    1159 |     851 |  42.3 |      97 |       6 |   5.8
            +---------+---------+-------+---------+---------+-------
        D:1 |      47 |       2 |   4.1 |      19 |       2 |   9.5
        D:2 |     142 |       0 |   0.0 |      19 |       0 |   0.0
        D:3 |     223 |       0 |   0.0 |      35 |       0 |   0.0
        D:4 |     242 |     198 |  45.0 |      12 |       3 |  20.0
        D:5 |     505 |     651 |  56.3 |      12 |       1 |   7.7
            +---------+---------+-------+---------+---------+-------
